 Dungeon Crawl Stone Soup version 0.32-a0-128-g77eb882913 (webtiles) character file.

Game seed: 4014998705960058090

137 Sobieck the Trooper (level 5, -1/57 HPs)
             Began as an Oni Fighter on Feb 7, 2024.
             Slain by an orc wizard
             ... wielding a +0 dagger
              (3 damage)
             ... on level 3 of the Dungeon.
             The game lasted 00:02:31 (2090 turns).

Sobieck the Trooper (Oni Fighter)                   Turns: 2090, Time: 00:02:32

Health: -1/57      AC:  3    Str: 22    XL:     5   Next: 20%
Magic:  5/5        EV: 13    Int:  9    God:
Gold:   210        SH:  7    Dex:  8    Spells: 4/4 levels left

rFire   + . .        a - +0 war axe
rCold   + . .        c - +0 kite shield
rNeg    . . .        b - +0 robe
rPois   .            (helmet restricted)
rElec   .            k - scarf {rC+ rF+}
rCorr   .            (gloves unavailable)
SInv    .            (boots unavailable)
Will    .....        (no amulet)
Stlth   +            f - +5 ring of evasion
HPRegen 0.29/turn    (no ring)
MPRegen 0.09/turn

%: no passive effects
@: brilliant
A: large, unfitting armour, horns 1, tough skin 1, double potion healing,
drunken brawling
a: no special abilities


You were on level 3 of the Dungeon.
You visited 1 branch of the dungeon, and saw 3 of its levels.

You collected 210 gold pieces.

Inventory:

Hand Weapons
 a - a +0 war axe (weapon)
Missiles
 e - 36 stones (quivered)
Armour
 b - a +0 robe (worn)
 c - a +0 kite shield (worn)
 k - a scarf of resistance (worn)
Jewellery
 f - a +5 ring of evasion (left hand)
Scrolls
 d - a scroll of immolation {unknown}
 g - a scroll of brand weapon {unknown}
 h - a scroll of noise {unknown}
 j - a scroll of silence {unknown}
 l - 3 scrolls of blinking {unknown}


   Skills:
 + Level 5.4 Fighting
 * Level 4.4 Axes
 - Level 2.6 Dodging
 - Level 2.6 Shields


You had 4 spell levels left.
You didn't know any spells.
Your spell library was empty.

Dungeon Overview and Level Annotations

Branches:
Dungeon (3/15)

Altars:
Xom
Zin


Innate Abilities, Weirdness & Mutations

You are too large for most types of armour.
You have a pair of small horns on your head.
You have tough skin. (AC +1)
You gain doubled healing and magic from potions.
Whenever you drink a healing potion, you attack all around you.


Message History

Something hits you but does no damage.
You hit something. Something hits you but does no damage.
Unknown command.
You miss something. Something hits you.
* * * LOW HITPOINT WARNING * * *
Something hits you but does no damage.
Unknown command.
You miss something. Something hits you but does no damage.
You hit something but do no damage. Something hits you.
* * * LOW HITPOINT WARNING * * *
Something completely misses you.
You closely miss something. Your headbutt misses something. Something hits you.
* * * LOW HITPOINT WARNING * * *
Unknown command.
You miss something. Something hits you.
* * * LOW HITPOINT WARNING * * *
You miss something. Your headbutt misses something. Something hits you.
* * * LOW HITPOINT WARNING * * *
You hear some strange, mumbled words.
A magic dart appears from out of thin air!
The magic dart hits you.
* * * LOW HITPOINT WARNING * * *
Unknown command.
You miss something. Something hits you.
* * * LOW HITPOINT WARNING * * *
You closely miss something. Your headbutt misses something. Something hits you.
* * * LOW HITPOINT WARNING * * *
Unknown command.
You barely miss something. You headbutt something. Something hits you.
* * * LOW HITPOINT WARNING * * *
You block something's attack.
Unknown command.
You barely miss something. Something hits you.
* * * LOW HITPOINT WARNING * * *
Okay, then.
Unknown command.
You closely miss something. Your headbutt misses something.
You hear some strange, mumbled words.
A magic dart appears from out of thin air!
The magic dart hits you.
* * * LOW HITPOINT WARNING * * *
Something hits you.
* * * LOW HITPOINT WARNING * * *
You closely miss something. Something hits you.
* * * LOW HITPOINT WARNING * * *
Unknown command.
It was a potion of brilliance.
You feel clever all of a sudden. Something hits you.
You die...

#.............##.##..#
#....................#
'..............>.....#
#.............#..##..#
#.............#......#
#..........#†##..##[.####
#............#...##.....###
#....†.......#){###.......#
########....##..@....####.#
# #...)###.####...##.# #
#....# #.# ###....#
##.[..###.# ######
#....>..#.# #.......#.#
#.......#.# #########.#
#..#


There were no monsters in sight!

Vanquished Creatures
  Robin (D:2)
  An adder (D:3)
  4 ribbon worms (D:2)
  11 orcs (D:3)
  6 ball pythons
  7 bats
  7 endoplasms
  2 giant cockroaches
  18 goblins
  7 hobgoblins
  7 kobolds
  3 quokkas (D:1)
  2 frilled lizards (D:2)
  10 rats
86 creatures vanquished.

Notes
Turn   | Place    | Note
-------+----------+-------------------------------------------
     0 | D:1      | Sobieck the Oni Fighter began the quest for the Orb.
     0 | D:1      | Reached XP level 1. HP: 24/24 MP: 1/1
    76 | D:1      | Reached XP level 2. HP: 25/32 MP: 2/2
   405 | D:1      | Reached skill level 3 in Axes
   407 | D:1      | Reached XP level 3. HP: 40/40 MP: 3/3
  1017 | D:2      | Noticed Robin
  1023 | D:2      | Killed Robin
  1024 | D:2      | Reached skill level 5 in Fighting
  1024 | D:2      | Reached XP level 4. HP: 30/50 MP: 4/4
  1507 | D:3      | Found a shimmering altar of Xom.
  1665 | D:3      | Found a faded altar of an unknown god.
  1705 | D:3      | Reached XP level 5. HP: 54/57 MP: 5/5
  1883 | D:3      | Found a faded altar of an unknown god.
  1887 | D:3      | Found a glowing silver altar of Zin.
  2089 | D:3      | HP: 2/57 [something (2)]
  2090 | D:3      | Slain by an orc wizard

Illustrated notes

Levels and vault maps discovered:
D:1:      matt_arrival_los_fun, layout_basic, minmay_domino_2
D:2:      layout_loops_ring, uniq_robin
D:3:      layout_basic, nicolae_overflow_ecumenical_swirl,
          mainiacjoe_overflow_six_doors_small,
          hellmonk_ecumenical_altar_pennies_from_heaven

Skill      XL: |  1  2  3  4 |
---------------+-------------+-----
Axes           | 3 4 |  4.4
Fighting       | 5 |  5.4
Dodging        | |  2.6
Shields        | |  2.6

Action                     |  1- 3 |  4- 6 || total
---------------------------+-------+-------++-------
  Melee: War axe           |    84 |   118 ||   202
         Headbutt          |    14 |     8 ||    22
    Use: Potion            |     1 |     1 ||     2
 Armour: Robe              |    52 |    75 ||   127
  Dodge: Dodged            |    43 |    56 ||    99
  Block: Kite shield       |    37 |    40 ||    77

Table legend: (Time is in decaauts)
 A = Elapsed time spent in this place.
 B = Non-inter-level travel time spent in this place.
 C = Inter-level travel time spent in this place.
 D = Time resting spent in this place.
 E = Time spent auto-exploring this place.
 F = Levels seen in this place.
 G = Mean time per level.
                   A        B        C        D        E       F      G
               +--------+--------+--------+--------+--------+-----+--------+
         Total |   2180 |   2141 |     39 |     63 |   1536 |   3 |  726.7 |
       Dungeon |   2180 |   2141 |     39 |     63 |   1536 |   3 |  726.7 |
               +--------+--------+--------+--------+--------+-----+--------+

Top non-repeatable levels by time:
     D:2: 785 daAuts
     D:1: 777 daAuts
     D:3: 617 daAuts
